 Dungeon Crawl Stone Soup version 0.21-a0-460-g737a915 (webtiles) character file.

44242 4thArraOfDagon the Executioner (level 13, 0/100 HPs)
             Began as a Minotaur Abyssal Knight on Nov 20, 2017.
             Was an Elder of Lugonu.
             Slain by a salamander
             ... wielding a +0 halberd
              (7 damage)
             ... in a volcano.
             The game lasted 00:47:37 (8900 turns).

4thArraOfDagon the Executioner (MiAK)               Turns: 8900, Time: 00:47:38

Health: 0/100      AC: 21    Str: 18    XL:     13   Next: 95%
Magic:  18/18      EV:  8    Int: 16    God:    Lugonu [****..]
Gold:   479        SH:  0    Dex: 13    Spells: 12/12 levels left

rFire    + . .     SeeInvis .   T - +9 executioner's axe (freeze)
rCold    . . .     Gourm    .   (shield currently unavailable)
rNeg     + . .     Faith    .   D - +1 plate armour {rN+}
rPois    +         Spirit   .   (helmet restricted)
rElec    .         Reflect  .   (no cloak)
rCorr    .         Harm     .   X - +3 pair of gloves "Iffig" {rF+ Regen+ Int+3}
MR       .....                  (no boots)
Stlth    ..........             (no amulet)
HPRegen  0.66/turn              z - +3 ring of dexterity
MPRegen  0.16/turn              J - ring of Robustness {AC+8}

@: no status effects
A: retaliatory headbutt, hooves 2, horns 2, blurry vision 1, deformed body,
deterioration 1, poison resistance, evolution 1
a: Depart the Abyss, Bend Space, Banish, Corrupt, Renounce Religion


You were in a volcano.
You worshipped Lugonu.
Lugonu was greatly pleased with you.
You were not hungry.

You visited 3 branches of the dungeon, and saw 19 of its levels.
You visited the Abyss 1 time.
You also visited: Volcano.

You collected 1405 gold pieces.
You spent 926 gold pieces at shops.

Inventory:

Hand Weapons
 P - the +5 dagger of the Kidney {flame, Str+9 Int+2 Dex-4, unknown}
   (You found it on level 13 of the Dungeon)

   It has been specially enchanted to burn those struck by it, causing extra
   injury to most foes and up to half again as much damage against particularly
   susceptible opponents.
   It affects your strength (+9).
   It affects your intelligence (+2).
   It affects your dexterity (-4).
 T - a +9 executioner's axe of freezing (weapon)
 W - a +1 blowgun
 Z - the +7 hand crossbow "Biczuim" {venom, rN+ Int+4 Dex-3, unknown}
   (You found it on level 10 of the Dungeon)

   It poisons the ammo it fires.
   It affects your intelligence (+4).
   It affects your dexterity (-3).
   It protects you from negative energy.
Missiles
 p - a throwing net (quivered)
 r - 8 curare-tipped needles
 u - 5 javelins of returning
Armour
 l - a +1 robe of cold resistance
 s - a +0 shield of poison resistance
 D - a +1 plate armour of positive energy (worn)
 E - a +2 robe of fire resistance
 S - a +0 troll leather armour
 X - the +3 pair of gloves "Iffig" (worn) {rF+ Regen+ Int+3}
   (You bought it in a shop on level 2 of the Orcish Mines)

   It affects your intelligence (+3).
   It protects you from fire.
   It increases your rate of regeneration.
Magical Staves
 O - an uncursed staff of power {unknown}
Jewellery
 v - an uncursed ring of resist corrosion
 z - a +3 ring of dexterity (left hand)
 A - an uncursed ring of protection from cold
 J - the ring of Robustness (right hand) {AC+8}
   (You found it on level 11 of the Dungeon)

   [ring of protection]

   It affects your AC (+8).
Wands
 M - a wand of lightning (20)
 R - a wand of flame (25)
 V - a wand of clouds (4)
Scrolls
 a - a scroll of brand weapon {unknown}
 b - a scroll of identify
 d - 5 scrolls of immolation {unknown}
 h - a scroll of silence {unknown}
 i - a scroll of noise
 j - 3 scrolls of amnesia
 k - a scroll of summoning {unknown}
 m - a scroll of vulnerability {unknown}
 n - 2 scrolls of fear
 q - 3 scrolls of teleportation
 w - 3 scrolls of blinking
Potions
 g - 3 potions of curing
 x - 9 potions of haste
 C - 4 potions of might
 G - 2 potions of flight
 I - a potion of agility
 K - 5 potions of heal wounds
 L - a potion of brilliance
 N - a potion of magic
 Q - a potion of cancellation
 U - 2 potions of ambrosia
Miscellaneous
 e - a lightning rod (4/4)
 B - a fan of gales
Comestibles
 c - 8 bread rations
 f - 4 meat rations
 o - 6 chunks of flesh


   Skills:
 + Level 5.3 Fighting
 * Level 22.2 Axes
 + Level 6.7 Armour
 - Level 5.1 Dodging
 - Level 9.1 Invocations
 - Level 4.2 Evocations


You had 12 spell levels left.
You didn't know any spells.

Dungeon Overview and Level Annotations

Branches:
Dungeon (15/15)              Lair (2/6) D:10          Swamp (0/4) Lair:2
    Orc (2/2) D:11
 Temple: D:4-7        Snake: Lair:2-4    Spider: Lair:2-4       Elf: Orc:2
 Vaults: D:13-14     Depths: D:15

Altars:
Ashenzari
Fedhas
Uskayaw
Vehumet
Wu Jian
Yredelemnul
Beogh

Shops:
D:7 }   D:13 (   Orc:1 =   Orc:2 (*!:

Annotations:
D:5 Eustachio
D:6 Menkaure
D:8 Gastronok
D:9 Erolcha
Orc:1 corrupted
Orc:2 corrupted
Abyss:1 Nessos


Innate Abilities, Weirdness & Mutations

You reflexively headbutt those who attack you in melee.
You have a pair of horns on your head.
You have hoof-like feet.
Scrolls take you a little longer to read.
Armour fits poorly on your strangely shaped body.
Your body sometimes deteriorates upon taking damage.
Your system is resistant to poisons. (rPois)
You evolve.


Message History

You barely miss the salamander. The salamander hits you with a halberd.
* * * LOW HITPOINT WARNING * * *
You are engulfed in flames!
You resist.
* * * LOW HITPOINT WARNING * * *
The salamander completely misses you.
Unknown command.
Your plate armour prevents you from hitting the salamander.
Your kick misses the salamander.
The salamander is lightly wounded.
You slice the salamander!! You freeze the salamander.
You kill the salamander!
Lugonu accepts your kill.
Unknown command.
Unknown command.
You hit the salamander. You freeze the salamander. You headbutt the salamander.
The salamander is moderately wounded.
The salamander hits you with a halberd!
* * * LOW HITPOINT WARNING * * *
You are engulfed in flames!
You resist.
You die...

≈ ≈≈≈### §≈###!
#§ §##.#. ##≈
#..'.).).+
#≈§≈##..'.p_..+
§§§≈#...#.....#
≈≈≈≈#.)N#######
≈≈≈≈#.)@+!$.$[+
§≈§§#...#..≈..#
§§§§#...#8≈≈≈8#
§§§ ##..'..≈..+
§ #..'§....+
§§##)#8...8# #≈
§§§###.§§..###≈≈
≈§≈§≈≈.....≈≈≈≈≈
≈≈≈≈≈≈8§§§8≈≈§≈#


You could see a salamander.

Vanquished Creatures
  3 centaur warriors
  Erica (Orc:1)
  3 two-headed ogres
  A tengu warrior (D:14)
  4 orc high priests (Orc:2)
  Sonja (D:11)
  A hell knight (Volcano)
  A salamander mystic (Volcano)
  An orc knight (Orc:2)
  Pikel (D:6)
  A wolf spider zombie (D:12)
  2 orc sorcerers (Orc:2)
  An ugly thing (D:10)
  2 cyclopes (D:14)
  2 salamanders (Volcano)
  8 centaur zombies
  Psyche (D:10)
  2 spiny frogs (Lair:2)
  A black mamba (shapeshifter) (D:14)
  4 trolls
  2 slime creatures (D:14)
  A harpy skeleton (D:12)
  4 hippogriffs
  A shadow (D:14)
  Sigmund (D:2)
  A spriggan (D:11)
  4 wraiths
  2 wyverns
  27 yaks
  3 fire bats (Lair:2)
  7 vampire mosquitoes
  4 hungry ghosts
  2 wargs (Orc:2)
  Edmund (D:6)
  A porcupine (Lair:1)
  A black bear (D:7)
  33 orc warriors
  4 sky beasts
  3 ice beasts
  2 slaves (D:6)
  2 necrophages
  3 phantoms
  An eye of draining (D:12)
  11 centaurs
  6 wolves
  7 ogres
  A crocodile (Lair:2)
  2 big kobolds
  A wyvern zombie (D:14)
  8 bullfrogs
  A wyvern skeleton (D:12)
  A water moccasin skeleton (D:10)
  6 scorpions
  3 killer bees (D:7)
  A howler monkey (D:4)
  2 electric eels (D:10)
  A bullfrog zombie (D:6)
  4 crimson imps
  12 hounds
  25 orc priests
  5 bullfrog skeletons
  2 jellies
  16 orc wizards
  12 centaur skeletons
  4 iguanas
  6 worker ants
  A hound zombie (D:7)
  6 gnolls
  8 adders
  A shadow imp (D:11)
  An adder skeleton (D:7)
  A dart slug (D:2)
  6 leopard geckos
  64 orcs
  A giant cockroach (D:1)
  4 hobgoblins
  11 jackals
  11 kobolds
  2 bats
  2 frilled lizards (D:2)
  A goblin (D:1)
  A quokka zombie (D:9)
  5 rats
  A plant (Lair:2)
415 creatures vanquished.

Vanquished Creatures (others)
  3 orc warlords
  An ettin (Orc:2)
  2 hydras
  The ghost of tilp the Arsonist, a journeyman DEFE of Vehumet (Orc:2)
  4 two-headed ogres
  An orc high priest (Orc:1)
  2 unseen horrors
  A deep elf archer (Orc:1)
  An ugly thing (D:13)
  2 orc sorcerers
  2 orc knights (Orc:2)
  A cyclops (D:14)
  3 deep elf magi (Orc:1)
  A manticore (D:14)
  A gargoyle (D:8)
  2 trolls (Orc:2)
  A hornet (D:10)
  2 vampire mosquitoes (D:13)
  2 wargs
  19 orc warriors
  5 ogres
  3 orc priests
  2 orc wizards
  21 orcs
  A fungus (Lair:2)
  8 starspawn tentacles (Orc:2)
92 creatures vanquished.

Grand Total: 507 creatures vanquished

Notes
Turn   | Place    | Note
-------+----------+-------------------------------------------
     0 | Abyss:1  | 4thArraOfDagon the Minotaur Abyssal Knight began the quest for the Orb.
     0 | Abyss:1  | Reached XP level 1. HP: 19/19 MP: 1/1
    39 | Abyss:1  | Noticed a blink frog
    70 | Abyss:1  | Noticed a worldbinder
    77 | D:1      | Escaped the Abyss
   116 | D:1      | nice welocme party
   152 | D:2      | Reached XP level 2. HP: 13/27 MP: 2/2
   159 | D:2      | Reached skill level 3 in Axes
   213 | D:2      | Noticed Sigmund
   236 | D:2      | Killed Sigmund
   236 | D:2      | Reached skill level 4 in Axes
   236 | D:2      | Reached XP level 3. HP: 34/34 MP: 2/4
   236 | D:2      | Reached XP level 4. HP: 41/41 MP: 2/5
   236 | D:2      | Reached XP level 5. HP: 47/47 MP: 2/6
   328 | D:2      | Reached * piety under Lugonu
   333 | D:2      | Found a faded altar of an unknown god.
   497 | D:3      | Found a basalt altar of Yredelemnul.
   730 | D:4      | Found a hide-covered altar of Uskayaw.
   798 | D:4      | Found a shattered altar of Ashenzari.
   865 | D:4      | Reached skill level 5 in Axes
   865 | D:4      | Reached XP level 6. HP: 52/53 MP: 7/7
   985 | D:4      | Found an ornate altar of the Wu Jian Council.
  1098 | D:5      | Entered Level 5 of the Dungeon
  1199 | D:5      | Reached XP level 7. HP: 29/60 MP: 8/8
  1220 | D:5      | Noticed Eustachio
  1252 | D:6      | Reached skill level 6 in Axes
  1257 | D:6      | Reached ** piety under Lugonu
  1287 | D:6      | Noticed Pikel
  1295 | D:6      | Gained mutation: You can translocate small distances at will. [potion of mutation]
  1295 | D:6      | Gained mutation: Your flesh is cold resistant. (rC+) [potion of mutation]
  1352 | D:6      | Noticed Edmund
  1383 | D:6      | Killed Pikel
  1383 | D:6      | Reached skill level 7 in Axes
  1383 | D:6      | Reached skill level 5 in Armour
  1383 | D:6      | Reached XP level 8. HP: 52/67 MP: 8/10
  1411 | D:6      | Killed Edmund
  1455 | D:6      | Found a radiant altar of Vehumet.
  1626 | D:6      | Reached skill level 8 in Axes
  1632 | D:6      | Noticed Menkaure
  1744 | D:7      | Reached skill level 5 in Dodging
  1799 | D:7      | Reached skill level 5 in Invocations
  1883 | D:7      | Reached skill level 9 in Axes
  2045 | D:7      | Reached XP level 9. HP: 56/72 MP: 12/12
  2079 | D:7      | Found Usmeh's Gadget Shoppe.
  2097 | D:7      | Reached *** piety under Lugonu
  2212 | D:8      | Noticed a two-headed ogre
  2234 | D:8      | Killed a two-headed ogre
  2234 | D:8      | Reached skill level 10 in Axes
  2239 | D:8      | Reached skill level 11 in Axes
  2385 | D:8      | Got a brightly glowing flail
  2386 | D:8      | Identified the +5 flail "Xomoddoi" {freeze, Fragile rPois rF+} (You found it on level 8 of the Dungeon)
  2459 | D:8      | Noticed a gargoyle
  2460 | D:8      | Banished a gargoyle
  2464 | D:8      | Noticed Gastronok
  2594 | D:9      | Noticed Erolcha
  2665 | D:8      | Gained mutation: You have large cloven feet. [mutagenic meat]
  2687 | D:8      | Gained mutation: You have hoof-like feet. [mutagenic meat]
  2688 | D:8      | Gained mutation: You evolve. [mutagenic meat]
  2689 | D:8      | Gained mutation: Scrolls take you a little longer to read. [mutagenic meat]
  2690 | D:8      | Lost mutation: You have hoof-like feet. [mutagenic meat]
  2773 | D:8      | You fall through a shaft for 3 floors!
  2818 | D:11     | Noticed Sonja
  2829 | D:11     | Reached skill level 12 in Axes
  2886 | D:11     | Reached skill level 1 in Evocations
  2915 | D:11     | Noticed a troll
  2916 | D:11     | Found the ring of Robustness {AC+8}
  2923 | D:11     | Reached XP level 10. HP: 69/80 MP: 14/14
  2978 | D:10     | Entered Level 10 of the Dungeon
  3166 | D:10     | Noticed a red ugly thing
  3168 | D:10     | Noticed Psyche
  3187 | D:10     | Killed a red ugly thing
  3189 | D:10     | Killed Psyche
  3289 | D:9      | Reached skill level 13 in Axes
  3360 | D:9      | Reached **** piety under Lugonu
  3508 | D:9      | Found a blossoming altar of Fedhas.
  3653 | D:10     | Found a staircase to the Lair.
  3855 | D:11     | Noticed a seven-headed hydra
  3857 | D:11     | Banished a seven-headed hydra
  3916 | D:11     | Reached skill level 14 in Axes
  3916 | D:11     | Reached XP level 11. HP: 85/85 MP: 16/16
  4174 | D:11     | Killed Sonja
  4235 | D:13     | Reached skill level 15 in Axes
  4291 | D:13     | Got a transparent dagger
  4353 | D:13     | Noticed a brown ugly thing
  4354 | D:13     | Banished a brown ugly thing
  4430 | D:13     | Found Roys's Weapon Shoppe.
  4438 | D:13     | Bought a +0 war axe of electrocution for 117 gold pieces
  4466 | D:13     | Noticed a brown ugly thing
  4469 | D:13     | Banished a brown ugly thing
  4556 | D:13     | Reached skill level 16 in Axes
  4570 | D:12     | Found the +3 robe of Clouds {+Fly rElec}
  4606 | D:13     | Banished an unseen horror
  4665 | D:12     | Paralysed by fainting for 9 turns
  4680 | D:12     | Noticed Nessos
  4683 | D:12     | Banished an unseen horror
  4684 | D:12     | Banished Nessos
  4813 | D:12     | Reached skill level 17 in Axes
  4823 | D:12     | Reached XP level 12. HP: 86/92 MP: 17/17
  4927 | D:12     | Reached skill level 18 in Axes
  4955 | D:12     | Noticed a bone dragon
  4956 | D:12     | Found the +9 sword of Zonguldrok {reap}
  4993 | D:12     | Noticed a centaur warrior
  5035 | D:13     | Gained mutation: Armour fits poorly on your strangely shaped body. [mutagenic meat]
  5036 | D:13     | Gained mutation: Your magical capacity is low. (-10% MP) [mutagenic meat]
  5037 | D:13     | Gained mutation: You have hoof-like feet. [mutagenic meat]
  5041 | D:13     | Lost mutation: Scrolls take you a little longer to read. [potion of mutation]
  5041 | D:13     | Lost mutation: Your flesh is cold resistant. (rC+) [potion of mutation]
  5041 | D:13     | Lost mutation: You have hoof-like feet. [potion of mutation]
  5041 | D:13     | Gained mutation: Scrolls take you a little longer to read. [potion of mutation]
  5041 | D:13     | Gained mutation: You are agile. (Dex +2) [potion of mutation]
  5041 | D:13     | Lost mutation: You are agile. (Dex +2) [potion of mutation]
  5041 | D:13     | Gained mutation: Your system is resistant to poisons. (rPois) [potion of mutation]
  5042 | D:13     | Lost mutation: You can translocate small distances at will. [potion of mutation]
  5042 | D:13     | Lost mutation: Your magical capacity is low. (-10% MP) [potion of mutation]
  5042 | D:13     | Gained mutation: You have a pair of large horns on your head. [potion of mutation]
  5043 | D:13     | :(
  5109 | D:13     | Noticed a centaur warrior
  5118 | D:13     | Killed a centaur warrior
  5219 | D:15     | Entered Level 15 of the Dungeon
  5249 | D:14     | Noticed a two-headed ogre
  5265 | D:14     | Banished a two-headed ogre
  5265 | D:14     | Reached skill level 19 in Axes
  5270 | D:14     | Gained mutation: You have hoof-like feet. [mutagenic meat]
  5737 | D:14     | Noticed a tengu warrior
  5757 | D:14     | Killed a tengu warrior
  5773 | D:14     | Noticed a centaur warrior
  5816 | D:14     | Killed a centaur warrior
  5826 | D:14     | Reached skill level 20 in Axes
  5908 | D:14     | Identified a scroll of acquirement
  6045 | D:14     | Reached XP level 13. HP: 93/99 MP: 18/18
  6230 | D:12     | Lost mutation: You have a pair of large horns on your head. [evolution]
  6639 | D:10     | Got a crystal hand crossbow
  6914 | D:11     | Found a staircase to the Orcish Mines.
  6918 | Orc:1    | Entered Level 1 of the Orcish Mines
  7005 | Orc:1    | Noticed an orc warlord
  7006 | Orc:1    | Corrupted Orc:1
  7008 | Orc:1    | Noticed a starcursed mass
  7010 | Orc:1    | Noticed a blizzard demon
  7013 | Orc:1    | Killed an orc warlord
  7022 | Orc:1    | Noticed a starcursed mass
  7029 | Orc:1    | Killed an orc warlord
  7162 | Orc:1    | Got a spiked chain mail
  7199 | Orc:1    | Identified the cursed +0 chain mail of Satisfaction {Str+3} (You found it on level 1 of the Orcish Mines)
  7338 | Orc:1    | Found Urima's Jewellery Emporium.
  7345 | Orc:1    | Noticed Erica
  7353 | Orc:1    | Killed Erica
  7357 | Orc:1    | Found a roughly hewn altar of Beogh.
  7397 | Orc:2    | Entered Level 2 of the Orcish Mines
  7444 | Orc:2    | Noticed tilp's ghost (journeyman DEFE)
  7447 | Orc:2    | Corrupted Orc:2
  7447 | Orc:2    | Noticed a green draconian shifter
  7450 | Orc:2    | Noticed a tentacled starspawn
  7454 | Orc:2    | Killed tilp's ghost
  7458 | Orc:2    | Noticed a cacodemon
  7480 | Orc:2    | Killed an ettin
  7635 | Orc:2    | Found Ijogobb's General Store.
  7645 | Orc:2    | Bought the +3 pair of gloves "Iffig" {rF+ Regen+ Int+3} for 557 gold pieces
  7663 | Orc:2    | Found a roughly hewn altar of Beogh.
  7663 | Orc:2    | Found Founish's Weapon Emporium.
  7706 | Orc:2    | Reached skill level 21 in Axes
  8048 | Orc:2    | Noticed an orc warlord
  8072 | Orc:2    | Banished an orc warlord
  8091 | Orc:2    | Found a roughly hewn altar of Beogh.
  8159 | Orc:2    | Found Deheh's Distillery.
  8175 | Orc:2    | Bought a potion of heal wounds for 70 gold pieces
  8175 | Orc:2    | Bought a potion of might for 56 gold pieces
  8175 | Orc:2    | Bought a potion of heal wounds for 70 gold pieces
  8175 | Orc:2    | Bought a potion of might for 56 gold pieces
  8391 | Orc:2    | Reached skill level 22 in Axes
  8420 | Orc:2    | Found Weytargh's Book Shoppe.
  8633 | Lair:1   | Entered Level 1 of the Lair of Beasts
  8807 | Lair:2   | Gained mutation: Your body sometimes deteriorates upon taking damage. [evolution]
  8813 | Lair:2   | Reached skill level 5 in Fighting
  8819 | Lair:2   | Found a dark tunnel.
  8830 | Volcano  | Entered a volcano
  8879 | Volcano  | Found a radiant altar of Vehumet.
  8900 | Volcano  | Slain by a salamander

Vault maps used:
D:1:      mrwooster_arrival_statue
D:2:      chequers_ecumenical_altar_island, hangedman_abyss_or_decor_stabs,
          uniq_crazy_yiuf_cottage, uniq_sigmund
D:3:      lemuel_crystal_altar, kennysheep_pointless_box, bloody_makhleb,
          uniq_grinder
D:4:      kennysheep_mini, lemuel_doored_altar, first_bread, st_stairs_5,
          nicolae_ashenzari_panopticon
D:5:      grunt_dithmenos_smoke_and_mirrors, lemuel_round_altar, uniq_eustachio
D:6:      old_standard_altar, fiery_altar_vehumet,
          minmay_temple_entry_water_ring, chequers_big_river, st_stairs_10,
          uniq_pikel, uniq_menkaure, uniq_edmund
D:7:      black_bear_nest_2, serial_shops, nicolae_shop_stone
D:8:      uniq_gastronok
D:9:      lemuel_round_altar, uniq_erolcha
D:10:     erik_lair_island, uniq_psyche
D:11:     orc_0_dummy, the_bakery, kennysheep_nub, uniq_sonja
D:12:     minmay_guarded_unrand_zonguldrok, uniq_nessos
D:13:     david_vaults_4, serial_shops, shop
D:14:     basic_altar, lemuel_coloured_pillars_altar
D:15:     gammafunk_depths_entry_grave, st_stairs_10, nicolae_lava_and_water,
          lightli_airlock
Lair:1:   special_room, nicolae_quartered_pool_super, serial_bayou_lake_a
Lair:2:   regret_index_harrowing_hell_hive, nicolae_swamp_entry_splash_gauntlet,
          nicolae_volcano_entry_batcave
Orc:1:    serial_shops, nicolae_shop_trees, basic_altar, elf_legates, uniq_erica
Orc:2:    pubby_orc_utopia, serial_shops
Abyss:1:  hangedman_abyss_or_decor_slice
Volcano:  kennysheep_volcano_temple

Skill      XL: |  1  2  3  4  5  6  7  8  9 10 11 12 13 |
---------------+----------------------------------------+-----
Axes           | 4 5 7 9 12 14 17 20 22 | 22.2
Invocations    | 2 3 4 5 7 8 9 |  9.1
Fighting       | 4 5 |  5.3
Armour         | 3 4 5 6 |  6.7
Dodging        | 2 3 4 5 |  5.1
Evocations     | 1 4 |  4.2

Action                   |  1- 3 |  4- 6 |  7- 9 | 10-12 | 13-15 || total
-------------------------+-------+-------+-------+-------+-------++-------
Melee: Hand axe          |    40 |    97 |   258 |       |       ||   395
       Headbutt          |     2 |    13 |    70 |   124 |    67 ||   276
       Flail             |       |       |    52 |   642 |    97 ||   791
       Kick              |       |       |     2 |   212 |    81 ||   295
       Executioner's axe |       |       |       |       |   156 ||   156
       War axe           |       |       |       |       |    83 ||    83
Throw: Throwing net      |       |       |     1 |       |       ||     1
Invok: Depart the Abyss  |     1 |       |       |       |       ||     1
       Banish            |       |       |     2 |    20 |     3 ||    25
       Corrupt           |       |       |       |       |     2 ||     2
Evoke: Wand              |       |       |    20 |    14 |     1 ||    35
       Lightning rod     |       |       |     2 |     2 |     2 ||     6
  Use: Potion            |     2 |       |     5 |     6 |     2 ||    15
       Scroll            |       |       |     7 |    12 |    14 ||    33
 Stab: Paralysed         |       |       |    35 |       |       ||    35
  Eat: Chunk             |       |       |    14 |    21 |     6 ||    41
       Bread ration      |       |       |       |     1 |       ||     1
       Fruit             |       |       |       |     2 |     3 ||     5
       Royal jelly       |       |       |       |     1 |     3 ||     4
Armor: Scale mail        |    18 |    49 |       |       |       ||    67
       Leather armour    |     1 |       |       |       |       ||     1
       Skin              |    13 |       |       |    60 |       ||    73
       Chain mail        |       |     7 |   172 |    52 |       ||   231
       Troll leather arm |       |       |       |   219 |    52 ||   271
       Plate armour      |       |       |       |       |    75 ||    75
Dodge: Dodged            |    16 |    41 |   116 |   336 |   154 ||   663

Table legend:
 A = Spawn XP
 B = Non-spawn XP
 C = Spawn XP percentage of total XP
 D = Spawn monster count
 E = Non-spawn monster count
 F = Spawn count percentage of total count
 G = Total turns spent on level
                    A         B        C        D         E        F      G
               +---------+---------+-------+---------+---------+-------+---------
         Total |       0 |   63203 |   0.0 |       0 |     427 |   0.0 |  8900
               +---------+---------+-------+---------+---------+-------+---------
           D:1 |       0 |       9 |   0.0 |       0 |       6 |   0.0 |    91
           D:2 |       0 |     281 |   0.0 |       0 |      18 |   0.0 |   326
           D:3 |       0 |       4 |   0.0 |       0 |       2 |   0.0 |   208
           D:4 |       0 |     296 |   0.0 |       0 |      17 |   0.0 |   396
           D:5 |       0 |     150 |   0.0 |       0 |       3 |   0.0 |   142
           D:6 |       0 |    1197 |   0.0 |       0 |      17 |   0.0 |   448
           D:7 |       0 |    1158 |   0.0 |       0 |      23 |   0.0 |   501
           D:8 |       0 |    1703 |   0.0 |       0 |      17 |   0.0 |   532
           D:9 |       0 |    2199 |   0.0 |       0 |      19 |   0.0 |   516
          D:10 |       0 |    2322 |   0.0 |       0 |      28 |   0.0 |   745
          D:11 |       0 |    5293 |   0.0 |       0 |      32 |   0.0 |   744
          D:12 |       0 |   12145 |   0.0 |       0 |      51 |   0.0 |   733
          D:13 |       0 |    5799 |   0.0 |       0 |      29 |   0.0 |   584
          D:14 |       0 |    8843 |   0.0 |       0 |      37 |   0.0 |   844
          D:15 |       0 |     365 |   0.0 |       0 |       2 |   0.0 |    83
        Lair:1 |       0 |     145 |   0.0 |       0 |       1 |   0.0 |    81
        Lair:2 |       0 |    3644 |   0.0 |       0 |      16 |   0.0 |   116
         Orc:1 |       0 |    1689 |   0.0 |       0 |      13 |   0.0 |   483
         Orc:2 |       0 |   13483 |   0.0 |       0 |      92 |   0.0 |  1180
       Volcano |       0 |    2478 |   0.0 |       0 |       4 |   0.0 |    70
               +---------+---------+-------+---------+---------+-------+---------
